 Dungeon Crawl Stone Soup version 0.31.0-12-g77e489cdc1 (webtiles) character file.

Game seed: 5803834533311265731

981 PriceMaster the Covert (level 7, -4/33 HPs)
             Began as a Spriggan Enchanter on Mar 3, 2024.
             Killed by divine providence
             ... invoked by an orc priest
              (13 damage)
             ... on level 5 of the Dungeon.
             The game lasted 00:12:59 (5794 turns).

PriceMaster the Covert (Spriggan Enchanter)         Turns: 5794, Time: 00:13:00

Health: -4/33      AC:  2    Str:  4    XL:     7   Next: 96%
Magic:  2/17       EV: 19    Int: 16    God:
Gold:   232        SH:  0    Dex: 18    Spells: 10/18 levels left

rFire   + . .        o - +2 short sword (venom)
rCold   + + .        (no shield)
rNeg    . . .        p - +0 robe {rC+ rF+}
rPois   .            q - +0 hat
rElec   .            (no cloak)
rCorr   .            (gloves unavailable)
SInv    +            (boots unavailable)
Will    +....        e - amulet of faith
Stlth   ++++         i - ring of protection from cold
HPRegen 0.25/turn    (no ring)
MPRegen 0.15/turn

%: faith
@: very quick
A: very small, no large weapons, unfitting armour, see invisible, speed 3
a: no special abilities


You were on level 5 of the Dungeon.
You visited 1 branch of the dungeon, and saw 5 of its levels.

You collected 232 gold pieces.

Inventory:

Hand Weapons
 a - a +1 dagger
 m - a +1 vampiric dagger
 o - a +2 short sword of venom (weapon)
Armour
 b - a +0 robe
 p - a +0 robe of resistance (worn)
 q - a +0 hat (worn)
Jewellery
 e - an amulet of faith (around neck)
 i - a ring of protection from cold (left hand)
Wands
 s - a wand of flame (22)
 t - a wand of quicksilver (4)
Scrolls
 d - a scroll of fog
 h - 2 scrolls of fear
 r - 2 scrolls of teleportation
Potions
 c - 2 potions of invisibility
 f - 4 potions of curing
 g - a potion of brilliance
 j - a potion of enlightenment
 l - a potion of heal wounds {unknown}
 n - a potion of haste {unknown}


   Skills:
 + Level 1.0 Fighting
 + Level 3.2 Short Blades
 + Level 4.1 Dodging
 * Level 9.5 Stealth
 + Level 6.0 Spellcasting
 + Level 5.7 Hexes
 + Level 1.2 Ice Magic
 + Level 0.4 Evocations


You had 10 spell levels left.
You knew the following spells:

 Your Spells              Type           Power      Damage    Failure   Level
a - Ensorcelled Hibernat  Hex/Ice        30%        N/A       4%          2
b - Tukima's Dance        Hex            23%        N/A       4%          3
c - Confusing Touch       Hex            23%        N/A       4%          3

Your spell library contained the following spells:

 Spells                   Type           Power      Damage    Failure   Level
 Dazzling Flash           Conj/Hex       26%        N/A       13%         3
 Ozocubu's Armour         Ice            8%         N/A       26%         3
 Metabolic Englaciation   Hex/Ice        7%         N/A       67%         5
 Sculpt Simulacrum        Ice/Alch       3%         N/A       100%        6


Dungeon Overview and Level Annotations

Branches:
Dungeon (5/15)             Temple (0/1) D:4

Altars:
Dithmenos
Gozag
Makhleb
Sif Muna
Zin


Innate Abilities, Weirdness & Mutations

You are very small and have problems with some larger weapons.
You are too small for most types of armour.
You have supernaturally acute eyesight. (SInv)
You cover ground extremely quickly. (Speed+++)


Message History

The orc priest mumbles some strange prayers to Beogh against you.
You resist with significant effort.
The orc priest looks braver for a moment.
Your +0 dagger hits the orc wizard but does no damage.
The orc priest invokes the aid of Beogh against you.
Beogh smites you!
The orc wizard hits the orc.
There is an open door here.
You close the door.
Your magical contamination has completely faded away.
You feel a bit more experienced.
Your Spellcasting skill increases to level 6!
You start resting.
An orc is nearby!
An orc is nearby!
Casting: Ensorcelled Hibernation (safe; 4% risk of failure)
Confirm with . or Enter, or press ? or * to list all spells.
You don't know that spell.
Okay, then.
Casting: Ensorcelled Hibernation (safe; 4% risk of failure)
Confirm with . or Enter, or press ? or * to list all spells.
Your hands begin to glow red.
Casting: Confusing Touch (dangerous; 4% risk of failure)
Confirm with . or Enter, or press ? or * to list all spells.
You don't have enough magic to cast this spell.
Casting: Confusing Touch (dangerous; 4% risk of failure)
Confirm with . or Enter, or press ? or * to list all spells.
You don't have enough magic to cast this spell.
An orc priest opens the door.
You barely miss the orc. The orc completely misses you.
You hit the orc but do no damage.
The orc appears confused.
The orc misses you.
You barely miss the orc.
The orc priest calls down the wrath of Beogh upon you.
Pain shoots through your body!
* * * LOW HITPOINT WARNING * * *
Unknown command.
The orc hits the sleepcap with a +0 club.
Found 17 gold pieces.
Something hits the sleepcap.
The orc priest calls down the wrath of Beogh upon you.
Beogh smites you!
You die...

*,,,* #######.......
*,,,* ######........
*,,,* ######........
#>,,* ######.o.....[
#..*#############....)..
#..##.....##...##.......
#...............'.......
#$........f...o.#.......
*,.##.<@..##o..##..##..#
*,,##.>...##...##..#####
*,,#................#
*,,+.........(รท.....#
*,,###..#########..##
*,,*##..####...#####
*,,,+....#......#
*,,,#.>..'.<....#
*,,,##..##.##..##


You could see a sleepcap and an orc priest.

Vanquished Creatures
  Grinder (D:5)
  A phantom (D:5)
  3 bombardier beetles
  A jelly (D:4)
  A hound (D:5)
  2 iguanas
  Ijyb (D:4)
  2 orc wizards
  4 gnolls
  4 adders
  A white imp (D:5)
  4 dart slugs
  7 orcs
  5 endoplasms
  4 giant cockroaches
  7 hobgoblins
  6 quokkas
  6 ball pythons
  2 bats (D:1)
  7 frilled lizards
  8 goblins
  A kobold (D:1)
  4 rats
82 creatures vanquished.

Vanquished Creatures (collateral kills)
  An ogre (D:4)
  Blork the orc (D:4)
  An iguana (D:4)
  An orc wizard (D:5)
  6 gnolls
  3 orcs
13 creatures vanquished.

Vanquished Creatures (others)
  3 dancing weapons
3 creatures vanquished.

Grand Total: 98 creatures vanquished

Notes
Turn   | Place    | Note
-------+----------+-------------------------------------------
     0 | D:1      | PriceMaster the Spriggan Enchanter began the quest for the
                  | Orb.
     0 | D:1      | Reached XP level 1. HP: 9/9 MP: 5/5
    83 | D:1      | Reached XP level 2. HP: 13/13 MP: 6/6
   184 | D:1      | Learned a level 2 spell: Ensorcelled Hibernation
   195 | D:1      | Reached skill level 5 in Stealth
   483 | D:1      | Reached XP level 3. HP: 15/16 MP: 0/8
  1505 | D:2      | Found a faded altar of an unknown god.
  1544 | D:2      | Reached skill level 6 in Stealth
  1544 | D:2      | Reached XP level 4. HP: 21/21 MP: 9/9
  2267 | D:3      | Learned a level 3 spell: Tukima's Dance
  2631 | D:3      | Reached XP level 5. HP: 15/24 MP: 1/11
  2748 | D:3      | Found a burning altar of Makhleb.
  3375 | D:3      | Reached skill level 7 in Stealth
  3462 | D:4      | Noticed Blork the orc
  3475 | D:4      | Killed Blork the orc
  3476 | D:4      | Reached XP level 6. HP: 13/29 MP: 7/13
  3774 | D:4      | Found a staircase to the Ecumenical Temple.
  3777 | D:4      | Found an opulent altar of Gozag.
  3788 | D:4      | Found a shimmering blue altar of Sif Muna.
  3918 | D:4      | Reached skill level 5 in Hexes
  3918 | D:4      | Reached skill level 1 in Ice Magic
  4369 | D:4      | Reached XP level 7. HP: 32/32 MP: 15/15
  4373 | D:4      | Learned a level 3 spell: Confusing Touch
  4388 | D:4      | Found a glowing silver altar of Zin.
  4466 | D:4      | Noticed Ijyb
  4480 | D:4      | Killed Ijyb
  4481 | D:4      | Reached skill level 8 in Stealth
  5131 | D:4      | Found a shadowy altar of Dithmenos.
  5456 | D:5      | Entered Level 5 of the Dungeon
  5482 | D:5      | Reached skill level 1 in Fighting
  5482 | D:5      | Reached skill level 5 in Spellcasting
  5488 | D:5      | Noticed Grinder
  5515 | D:5      | Reached skill level 9 in Stealth
  5522 | D:5      | Killed Grinder
  5794 | D:5      | Killed from afar by an orc priest

Illustrated notes

Levels and vault maps discovered:
D:1:      dpeg_arrival_yet_another_circle, layout_basic, minmay_lizard_pond
D:2:      layout_basic, hellmonk_ecumenical_altar_heavens_door
D:3:      layout_loops_ring, amcnicky_altar_gilded
D:4:      layout_basic, zin_scriptorium, mainiacjoe_overflow_surrounded_room,
          mainiacjoe_overflow_large_starburst, minmay_temple_entry_ruins,
          minmay_puff, uniq_ijyb, uniq_blork_the_orc
D:5:      layout_gridville, uniq_grinder

Skill      XL: |  1  2  3  4  5  6  7 |
---------------+----------------------+-----
Stealth        | 5 6 7 9 |  9.5
Hexes          | 4 5 |  5.7
Spellcasting   | 3 4 6 |  6.0
Dodging        | 3 4 |  4.1
Short Blades   | 2 3 |  3.2
Ice Magic      | 1 |  1.2
Fighting       | 1 |  1.0
Evocations     | |  0.4

Action                     |  1- 3 |  4- 6 |  7- 9 || total
---------------------------+-------+-------+-------++-------
  Melee: Dagger            |   106 |   135 |       ||   241
         Punch             |     1 |       |     1 ||     2
         Short sword       |       |    33 |    58 ||    91
   Cast: Ensorcelled Hiber |    11 |    40 |     3 ||    54
         Tukima's Dance    |       |    14 |     9 ||    23
         Confusing Touch   |       |       |    14 ||    14
  Evoke: Wand              |       |       |     7 ||     7
    Use: Scroll            |     1 |     5 |     5 ||    11
         Potion            |       |     1 |       ||     1
   Stab: Sleeping          |    14 |    12 |     1 ||    27
         Distracted        |       |     2 |     1 ||     3
         Invisible         |       |     1 |       ||     1
         Confused          |       |       |     5 ||     5
 Armour: Robe              |    22 |    56 |    15 ||    93
  Dodge: Dodged            |    85 |   153 |    49 ||   287
